 Dungeon Crawl Stone Soup version 0.29.1-1-gd02db6906a (webtiles) character file.

Game seed: 11289970782796244461

4058 Earthwalker the Spear-Bearer (level 10, -2/76 HPs)
             Began as a Merfolk Gladiator on Oct 15, 2022.
             Was a Priest of Okawaru.
             Slain by Erica
             ... wielding a +4 scimitar of flaming
              (19 damage)
             ... on level 8 of the Dungeon.
             The game lasted 00:24:12 (7734 turns).

Earthwalker the Spear-Bearer (Merfolk Gladiator)    Turns: 7734, Time: 00:24:13

Health: -2/76      AC:  4    Str: 19    XL:     10   Next: 25%
Magic:  19/19      EV: 12    Int:  7    God:    Okawaru [***...]
Gold:   482        SH: 16    Dex: 16    Spells: 9/9 levels left

rFire   . . .      SeeInvis .   g - +4 demon trident "Wuonasti" {vamp, Will+}
rCold   . . .      Faith    .   A - +2 tower shield
rNeg    . . .      Spirit   .   b - +0 leather armour
rPois   .          Reflect  .   c - +0 helmet
rElec   .          Harm     .   (no cloak)
rCorr   .          Rampage  .   (no gloves)
Will    +....                   (no boots)
Stlth   +++.......              E - amulet of regeneration
HPRegen 1.02/turn               o - ring of magical power
MPRegen 0.16/turn               (no ring)

@: no status effects
A: (nimble swimmer 2), mertail
a: Renounce Religion, Heroism


You were on level 8 of the Dungeon.
You worshipped Okawaru.
Okawaru was most pleased with you.
You visited 2 branches of the dungeon, and saw 9 of its levels.

You collected 482 gold pieces.

Inventory:

Hand Weapons
 a - a +1 trident
 g - the +4 demon trident "Wuonasti" (weapon) {vamp, Will+}
   (You acquired it on level 3 of the Dungeon)

   It occasionally heals its wielder for a portion of the damage dealt when it
   wounds a living foe.
   Will:      It increases your willpower.
Missiles
 d - 2 throwing nets
 e - a javelin
 r - 10 poisoned darts
 y - 2 boomerangs (quivered)
 B - 3 boomerangs of dispersal
Armour
 b - a +0 leather armour (worn)
 c - a +0 helmet (worn)
 s - a +0 helmet
 A - a +2 tower shield (worn)
 H - a scarf of harm
 J - a +0 plate armour
Jewellery
 o - a ring of magical power (left hand)
 u - an amulet of magic regeneration
 x - an amulet of guardian spirit
 E - an amulet of regeneration (around neck)
Wands
 C - a wand of flame (40)
 M - a wand of acid (10)
Scrolls
 f - a scroll of butterflies
 h - a scroll of immolation
 i - 4 scrolls of fear
 j - a scroll of amnesia
 m - a scroll of vulnerability
 D - a scroll of magic mapping
 F - a scroll of identify
 K - a scroll of poison {unknown}
 L - 2 scrolls of enchant weapon
Potions
 k - 2 potions of curing
 l - 4 potions of attraction {unknown}
 n - a potion of resistance
 p - a potion of brilliance
 q - 2 potions of cancellation
 t - a potion of lignification
 v - a potion of ambrosia
 w - 3 potions of flight
 z - a potion of magic
 G - a potion of degeneration {unknown}
 I - a potion of might {unknown}


   Skills:
 * Level 6.2 Fighting
 * Level 12.4 Polearms
 - Level 2.0 Throwing
 * Level 3.8 Armour
 * Level 7.3 Dodging
 * Level 5.4 Stealth
 * Level 5.0 Shields


You had 9 spell levels left.
You didn't know any spells.
Your spell library contained the following spells:

 Spells                   Type           Power      Damage    Failure   Level
 Apportation              Tloc           0%         N/A       99%         1
 Necrotise                Necr           0%         1d4       99%         1
 Summon Small Mammal      Summ           Unusable   N/A       N/A         1

Dungeon Overview and Level Annotations

Branches:
Dungeon (8/15)             Temple (1/1) D:6            Lair (0/5) D:8

Altars:
Cheibriados
Dithmenos
Elyvilon
Fedhas
Gozag
Hepliaklqana
Kikubaaqudgha
Nemelex Xobeh
Okawaru
Qazlal
Ru
Sif Muna
Trog
Uskayaw
Vehumet
Wu Jian
Xom
Yredelemnul
Zin

Shops:
D:7 (

Annotations:
D:3 3 runed translucent doors, Earthwalker's ghost, amateur MiFi; Exporg's ghost, amateur FoFi; po7itron's ghost, amateur DjFE
D:8 Erica


Innate Abilities, Weirdness & Mutations

((You are very nimble when in or above water. (Stealth+, EV+, Speed+++)))
Your lower body shifts to a powerful aquatic tail in water.


Message History

You barely miss Erica.
Erica is lightly wounded.
Erica casts a spell.
Erica flickers and vanishes!
Deactivating autopickup; reactivate with Ctrl-A.
You puncture something! You block something's attack.
You barely miss something. Something hits you. Something burns you.
You hit something.
You feel better. Something hits you! Something burns you.
You barely miss something. Something hits you! Something burns you.
You puncture something! You block something's attack.
You puncture something!
You feel better. Something completely misses you.
You hit something.
You feel better.
You miss something. Something completely misses you.
You barely miss something. Something hits you. Something burns you.
You hear some strange, mumbled words.
Something tries to affect you, but you resist.
You puncture something!
You feel better. Something hits you! Something burns you.
You miss something. You block something's attack.
You closely miss something.
You hear the rapid hiss of a distant avalanche of sand.
You hear the loud creaking of a portcullis very nearby.
Something hits you! Something burns you.
You closely miss something.
You hear some strange, mumbled words.
A bolt of poison appears from out of thin air!
The bolt of poison misses you.
You completely miss something. Something hits you!
* * * LOW HITPOINT WARNING * * *
Something burns you.
* * * LOW HITPOINT WARNING * * *
You hit something. Something hits you.
* * * LOW HITPOINT WARNING * * *
Something burns you.
* * * LOW HITPOINT WARNING * * *
You barely miss something. You block something's attack.
You puncture something!
You feel better. You block something's attack.
You miss something. Something hits you but does no damage.
You barely miss something. Something hits you!!
You die...

#..........+.
################...#.
+........# #...#. #.......#
#...'. #.......# #...#.
#.......# #...#.
#.......########+##.
#...................
#.{@................
+.................P^
#...................
#...................
#...................
+...............P...
#............#...P.#
############.......######..P..#
#..................#.........P#


There were no monsters in sight!

Vanquished Creatures
  A komodo dragon (D:8)
  Prince Ribbit (D:7)
  A wyvern (D:7)
  7 yaks
  2 water moccasins (D:7)
  2 ice beasts
  3 orc warriors
  2 sky beasts
  3 black bears
  An ogre (D:7)
  A centaur (D:7)
  2 phantoms
  3 bullfrogs
  2 scorpions (D:8)
  A gnoll bouda (D:6)
  2 hounds (D:5)
  2 jellies
  2 orc priests (D:6)
  2 iguanas
  6 orc wizards
  Robin (D:2)
  8 gnolls
  9 adders
  2 white imps
  2 ufetubi
  A worm (D:4)
  3 dart slugs (D:1)
  21 orcs
  6 ball pythons
  6 bats
  5 endoplasms
  2 giant cockroaches
  16 goblins
  6 hobgoblins
  5 jackals (D:3)
  6 kobolds
  2 quokkas
  A frilled lizard (D:3)
  4 rats
152 creatures vanquished.

Vanquished Creatures (others)
  4 fungi (D:8)
  6 plants (D:8)
10 creatures vanquished.

Grand Total: 162 creatures vanquished

Notes
Turn   | Place    | Note
-------+----------+-------------------------------------------
     0 | D:1      | Earthwalker the Merfolk Gladiator began the quest for the
                  | Orb.
     0 | D:1      | Reached XP level 1. HP: 16/16 MP: 1/1
   169 | D:1      | Found a faded altar of an unknown god.
   215 | D:1      | Reached XP level 2. HP: 22/22 MP: 2/2
   704 | D:1      | Reached XP level 3. HP: 28/28 MP: 3/3
   859 | D:2      | Reached skill level 1 in Stealth
  1000 | D:2      | Noticed Robin
  1024 | D:1      | Reached skill level 5 in Polearms
  1319 | D:1      | Reached XP level 4. HP: 23/34 MP: 4/4
  1508 | D:1      | Reached skill level 1 in Armour
  1768 | D:2      | Killed Robin
  1982 | D:2      | Reached skill level 1 in Shields
  2430 | D:3      | Identified a scroll of acquirement
  2430 | D:3      | Acquired the +4 demon trident "Wuonasti" {vamp, Will+}
  2494 | D:3      | Reached XP level 5. HP: 39/39 MP: 5/5
  2577 | D:3      | Found a runed translucent gate.
  2577 | D:3      | Found a runed translucent gate.
  2578 | D:3      | Found a runed translucent gate.
  2579 | D:3      | Noticed po7itron's ghost (amateur DjFE)
  2579 | D:3      | Noticed Earthwalker's ghost (amateur MiFi)
  2579 | D:3      | Noticed Exporg's ghost (amateur FoFi)
  2778 | D:3      | Found a white marble altar of Elyvilon.
  2811 | D:3      | Found an ancient bone altar of Kikubaaqudgha.
  2856 | D:3      | Found a shimmering blue altar of Sif Muna.
  3051 | D:4      | Noticed a black bear
  3055 | D:4      | Killed a black bear
  3056 | D:4      | Reached skill level 6 in Polearms
  3056 | D:4      | Reached XP level 6. HP: 47/47 MP: 6/6
  3293 | D:4      | Found a bloodstained altar of Trog.
  3840 | D:5      | Entered Level 5 of the Dungeon
  3882 | D:5      | Noticed a black bear
  3893 | D:5      | Killed a black bear
  3894 | D:5      | Reached skill level 5 in Dodging
  4013 | D:5      | Reached skill level 7 in Polearms
  4013 | D:5      | Reached XP level 7. HP: 52/52 MP: 7/7
  4891 | D:6      | Reached skill level 8 in Polearms
  5200 | D:5      | Noticed a rust devil
  5200 | D:5      | Noticed a rust devil
  5213 | D:6      | Reached XP level 8. HP: 19/60 MP: 4/8
  5428 | D:6      | Found a staircase to the Ecumenical Temple.
  5441 | Temple   | Entered the Ecumenical Temple
  5441 | Temple   | Found a transporter.
  5441 | Temple   | Found a transporter.
  5443 | Temple   | Found a transporter.
  5443 | Temple   | Found a transporter.
  5459 | Temple   | Became a worshipper of Warmaster Okawaru
  6115 | D:7      | Reached skill level 9 in Polearms
  6274 | D:7      | Found Nitypna's Weapon Shoppe.
  6276 | D:7      | Noticed a yak
  6278 | D:7      | Noticed a yak
  6279 | D:7      | Noticed a yak
  6283 | D:7      | Noticed a yak
  6284 | D:7      | Noticed a yak
  6285 | D:7      | Noticed a yak
  6299 | D:7      | Killed a yak
  6299 | D:7      | Reached * piety under Okawaru
  6308 | D:7      | Killed a yak
  6309 | D:7      | Reached skill level 5 in Fighting
  6312 | D:7      | Killed a yak
  6313 | D:7      | Reached skill level 10 in Polearms
  6313 | D:7      | Reached XP level 9. HP: 68/68 MP: 9/9
  6317 | D:7      | Reached ** piety under Okawaru
  6543 | D:7      | Noticed Prince Ribbit
  6564 | D:7      | Killed Prince Ribbit
  6565 | D:7      | Reached skill level 11 in Polearms
  6728 | D:7      | Found an ornate altar of the Wu Jian Council.
  6939 | D:7      | Reached *** piety under Okawaru
  6940 | D:7      | Reached skill level 5 in Stealth
  7042 | D:7      | Found a sparkling altar of Nemelex Xobeh.
  7043 | D:7      | Found an opulent altar of Gozag.
  7308 | D:8      | Noticed a komodo dragon
  7316 | D:8      | Killed a komodo dragon
  7317 | D:8      | Reached skill level 12 in Polearms
  7317 | D:8      | Reached XP level 10. HP: 76/76 MP: 10/10
  7385 | D:8      | Found a stormy altar of Qazlal.
  7391 | D:8      | Found a shadowy altar of Dithmenos.
  7393 | D:8      | Found a basalt altar of Yredelemnul.
  7394 | D:8      | Found a radiant altar of Vehumet.
  7400 | D:8      | Found a shimmering altar of Xom.
  7466 | D:8      | Found a staircase to the Lair.
  7588 | D:8      | Reached skill level 5 in Shields
  7706 | D:8      | Noticed Erica
  7734 | D:8      | Slain by Erica

Illustrated notes

Levels and vault maps discovered:
D:1:      psy_arrival_terrarium, layout_basic,
          shapermc_ecumenical_altar_acropolis
D:2:      layout_loops_ring, uniq_robin
D:3:      layout_basic, general_overflow_altar, elyvilon_altar_1,
          nicolae_kikubaaqudgha_miasma_corner, gammafunk_ghost_cemetery,
          minmay_surrounded
D:4:      layout_basic, trog_three_pillars_becter
D:5:      cheibrodos_iron_armory, layout_loops_ring
D:6:      layout_loops_corners, minmay_temple_entry_statues_pillars
D:7:      layout_basic, grunt_temple_overflow_opulence,
          lemuel_coloured_pillars_altar, serial_shops,
          nicolae_shop_advertising_works [nicolae_subvault_shop_adworks],
          nicolae_eternal_life, uniq_prince_ribbit1
D:8:      layout_gridville, nicolae_overflow_hallway_of_the_gods,
          grunt_lair_entry_orc_guard_hut, enter_bailey_8,
          nicolae_ossuary_entry_monument, uniq_erica
Temple:   hellmonk_temple_divided_pantheon

Skill      XL: |  1  2  3  4  5  6  7  8  9 10 |
---------------+-------------------------------+-----
Stealth        | 1 2 3 4 5 |  5.4
Polearms       | 5 6 7 8 10 12 | 12.4
Armour         | 1 2 3 |  3.8
Shields        | 1 2 3 4 5 |  5.0
Fighting       | 3 4 5 6 |  6.2
Dodging        | 5 6 7 |  7.3
Throwing       | |  2.0

Action                   |  1- 3 |  4- 6 |  7- 9 | 10-12 || total
-------------------------+-------+-------+-------+-------++-------
Melee: Trident           |    96 |    79 |       |       ||   175
       Punch             |     2 |     1 |       |       ||     3
       Demon trident     |       |    78 |   222 |    71 ||   371
Throw: Stone             |       |    27 |    26 |       ||    53
       Boomerang         |       |       |    31 |     4 ||    35
       Throwing net      |       |       |     1 |       ||     1
  Use: Scroll            |       |    10 |     9 |       ||    19
 Stab: Sleeping          |     2 |     3 |     6 |     1 ||    12
Armor: Leather armour    |    27 |    22 |    20 |     6 ||    75
Dodge: Dodged            |    86 |   102 |    53 |    12 ||   253
Block: Tower shield      |       |       |    68 |    37 ||   105
